 Dungeon Crawl Stone Soup version 0.21.1-1-g345015f (webtiles) character file.

2370 Krilegs the Blocker (level 9, -3/74 HPs)
             Began as a Formicid Fighter on May 8, 2018.
             Was a Priest of Uskayaw.
             Slain by an orc warrior
             ... wielding a +0 halberd
              (7 damage)
             ... on level 6 of the Dungeon.
             The game lasted 00:17:40 (5570 turns).

Krilegs the Blocker (Formicid Fighter)              Turns: 5570, Time: 00:17:41

Health: -3/74      AC: 17    Str: 24 (25) XL:     9   Next: 72%
Magic:  14/14      EV:  8    Int:  3 (7)  God:    Uskayaw [***...]
Gold:   300        SH: 11    Dex:  6 (8)  Spells: 15/15 levels left

rFire    . . .     SeeInvis +   a - +1 quarterstaff
rCold    . . .     Gourm    .   c - +0 shield
rNeg     . . .     Faith    .   j - +1 chain mail
rPois    .         Spirit   .   (helmet unavailable)
rElec    .         Reflect  .   (no cloak)
rCorr    .         Harm     .   e - +0 pair of gloves
MR       .....                  (no boots)
Stlth    ..........             (no amulet)
HPRegen  0.22/turn              q - +2 ring of protection
MPRegen  0.14/turn              (no ring)

@: no status effects
A: permanent stasis, dig shafts and tunnels, four strong arms, antennae 3,
rugged brown scales 1, slimy green scales 1, clumsy 1
a: Dig, Shaft Self, Stomp, Line Pass, Renounce Religion


You were on level 6 of the Dungeon.
You worshipped Uskayaw.
Uskayaw was noncommittal.
You were not hungry.

You visited 1 branch of the dungeon, and saw 6 of its levels.

You collected 300 gold pieces.

Inventory:

Hand Weapons
 a - a +1 quarterstaff (weapon)
Armour
 c - a +0 shield (worn)
 e - a +0 pair of gloves (worn)
 h - a +2 animal skin
 j - a +1 chain mail (worn)
Jewellery
 q - a +2 ring of protection (left hand)
Wands
 d - a wand of iceblast (2)
 i - a wand of digging (27)
 l - a wand of polymorph (15)
 t - a wand of paralysis (12)
Scrolls
 b - 3 scrolls of amnesia
 g - a scroll of magic mapping
 o - a scroll of enchant weapon
 s - a scroll of remove curse
Potions
 k - a potion of heal wounds
 m - a potion of curing
 n - a potion of magic {unknown}
Comestibles
 f - 9 rations


   Skills:
 + Level 7.3 Fighting
 + Level 7.9 Staves
 + Level 3.9 Throwing
 + Level 7.1 Armour
 + Level 8.0 Shields
 + Level 4.1 Unarmed Combat
 + Level 3.9 Spellcasting
 + Level 4.8 Invocations
 + Level 4.4 Evocations


You had 15 spell levels left.
You didn't know any spells.

Dungeon Overview and Level Annotations

Branches:
Dungeon (6/15)
 Temple: D:4-7

Altars:
Ashenzari
Cheibriados
Dithmenos
Fedhas
Kikubaaqudgha
Makhleb
Okawaru
Ru
Sif Muna
Uskayaw
Wu Jian
Xom


Innate Abilities, Weirdness & Mutations

You cannot be hasted, slowed, berserked, paralysed or teleported.
You can dig through walls and to a lower floor.
Your four strong arms can wield two-handed weapons with a shield.
You have a pair of large antennae on your head. (SInv)
You are partially covered in rugged brown scales. (AC +1, +3% HP)
You are partially covered in slimy green scales. (AC +2)
You are clumsy. (Dex -2)


Message History

The orc warrior is severely wounded.
The orc warrior hits you with a halberd!
* * * LOW HITPOINT WARNING * * *
You hit the orc warrior but do no damage.
The orc warrior is severely wounded.
Your shield prevents you from hitting the orc warrior.
The orc warrior is severely wounded.
The orc warrior barely misses you.
You hit the orc warrior but do no damage.
The orc warrior is severely wounded.
The orc warrior barely misses you.
Your chain mail prevents you from hitting the orc warrior.
The orc warrior is severely wounded.
You block the orc warrior's attack.
You closely miss the orc warrior.
The orc warrior is severely wounded.
You hit the orc warrior but do no damage.
The orc warrior is severely wounded.
The orc warrior hits you with a halberd!
You die...

##≈≈≈≈≈≈≈≈≈≈≈≈≈≈≈≈#
##≈≈≈≈≈≈≈≈≈≈≈≈≈≈############
##≈≈≈≈≈≈≈≈≈≈≈≈##...........
##≈≈≈≈≈≈≈≈≈≈###.#########.
##≈≈≈≈≈≈≈≈## #.# #. ##
########.# #. .. #......#.#
#. #.#........# #.
##.#..)@......# #. {
......o)......# #.
##.....###..#.# #. { #.....
#..#.# #. #..... #..#.# #.
######### #...#. #..#.# #.
........# #..... #..#.# #.
#######.# ###.## #..#.# #.
#.# { #..#.# #.


You could see an orc warrior.

Vanquished Creatures
  A yak (D:6)
  The ghost of Tiareth the Charmwright, an amateur DESk (D:4)
  Duvessa (D:5)
  A water moccasin (D:5)
  The ghost of Lunabell the Cudgeler, an amateur NaBe of Trog (D:3)
  2 bullfrogs (D:6)
  Dowan (D:5)
  A water moccasin skeleton (D:5)
  A howler monkey (D:4)
  4 electric eels (D:6)
  3 crimson imps
  A bullfrog zombie (D:5)
  A centaur zombie (D:5)
  A jelly (D:6)
  4 hounds
  An orc priest (D:6)
  A worker ant (D:4)
  An orc wizard (D:3)
  2 hound zombies (D:5)
  A hound skeleton (D:6)
  A howler monkey zombie (D:5)
  Robin (D:2)
  2 worker ant zombies
  4 gnolls (D:3)
  2 adders
  3 adder skeletons (D:5)
  An adder zombie (D:5)
  3 worms (D:2)
  2 dart slugs
  4 leopard geckos
  11 orcs
  6 bats
  3 giant cockroaches
  11 hobgoblins
  12 jackals
  5 kobolds
  2 quokkas
  A ball python (D:2)
  A ball python zombie (D:5)
  5 frilled lizards
  2 giant cockroach zombies (D:5)
  10 goblins
  A jackal skeleton (D:5)
  A quokka zombie (D:5)
  3 rats (D:2)
127 creatures vanquished.

Notes
Turn   | Place    | Note
-------+----------+-------------------------------------------
     0 | D:1      | Krilegs the Formicid Fighter began the quest for the Orb.
     0 | D:1      | Reached XP level 1. HP: 18/18 MP: 1/1
    60 | D:1      | Reached XP level 2. HP: 23/24 MP: 2/2
   198 | D:1      | You fall through a shaft!
   227 | D:2      | Reached skill level 4 in Shields
   285 | D:2      | Reached XP level 3. HP: 15/29 MP: 3/3
   617 | D:2      | Reached XP level 4. HP: 29/37 MP: 4/4
   626 | D:2      | Noticed Robin
   644 | D:2      | Killed Robin
   938 | D:2      | Found a sacrificial altar of Ru.
   938 | D:2      | Found a hide-covered altar of Uskayaw.
   943 | D:2      | Found a faded altar of an unknown god.
   946 | D:2      | Found a shattered altar of Ashenzari.
   948 | D:2      | Found a faded altar of an unknown god.
   965 | D:2      | Became a worshipper of Sif Muna the Loreminder
   965 | D:2      | Reached * piety under Sif Muna
  1076 | D:2      | Fell from the grace of Sif Muna
  1076 | D:2      | Became a worshipper of Uskayaw the Reveler
  1198 | D:2      | Reached * piety under Uskayaw
  1424 | D:3      | Noticed Lunabell's ghost (amateur NaBe)
  1442 | D:3      | Reached ** piety under Uskayaw
  1448 | D:3      | Killed Lunabell's ghost
  1448 | D:3      | Reached XP level 5. HP: 14/43 MP: 5/5
  1449 | D:3      | Reached *** piety under Uskayaw
  1531 | D:3      | Reached XP level 6. HP: 22/49 MP: 6/6
  1548 | D:3      | Reached skill level 5 in Shields
  1930 | D:3      | Found an ornate altar of the Wu Jian Council.
  2321 | D:4      | Noticed Tiareth's ghost (amateur DESk)
  2352 | D:4      | Killed Tiareth's ghost
  2352 | D:4      | Reached XP level 7. HP: 40/55 MP: 7/7
  2642 | D:4      | Found a burning altar of Makhleb.
  2642 | D:4      | Noticed an Executioner
  2647 | D:4      | Noticed a smoke demon
  2647 | D:4      | Noticed a ynoxinul
  3010 | D:4      | Found an iron altar of Okawaru.
  3214 | D:5      | Entered Level 5 of the Dungeon
  3233 | D:5      | Reached skill level 5 in Staves
  3256 | D:5      | Found a snail-covered altar of Cheibriados.
  3354 | D:5      | Reached skill level 5 in Fighting
  3369 | D:5      | Noticed a water moccasin
  3377 | D:5      | Killed a water moccasin
  3377 | D:5      | Reached skill level 5 in Armour
  3377 | D:5      | Reached XP level 8. HP: 44/62 MP: 8/8
  3736 | D:5      | Found a blossoming altar of Fedhas.
  3738 | D:5      | Found an ancient bone altar of Kikubaaqudgha.
  3760 | D:5      | Reached skill level 7 in Shields
  3760 | D:5      | Reached XP level 9. HP: 71/71 MP: 8/14
  3765 | D:5      | Gained mutation: You are clumsy. (Dex -2) [potion of mutation]
  3765 | D:5      | Gained mutation: You are partially covered in rugged brown scales. (AC +1, +3% HP) [potion of mutation]
  3765 | D:5      | Gained mutation: You are partially covered in slimy green scales. (AC +2) [potion of mutation]
  3814 | D:5      | Noticed Duvessa
  3814 | D:5      | Noticed Dowan
  3829 | D:5      | Killed Duvessa
  3839 | D:5      | Killed Dowan
  3985 | D:5      | Found a shimmering altar of Xom.
  4032 | D:5      | Found a shadowy altar of Dithmenos.
  4244 | D:6      | Reached skill level 8 in Shields
  5564 | D:6      | HP: 3/74 [orc warrior/halberd (10)]
  5570 | D:6      | Slain by an orc warrior

Skill      XL: |  1  2  3  4  5  6  7  8  9 |
---------------+----------------------------+-----
Shields        | 4 5 7 8 |  8.0
Fighting       | 4 5 6 7 |  7.3
Staves         | 3 4 5 7 |  7.9
Armour         | 4 5 6 7 |  7.1
Throwing       | 3 |  3.9
Unarmed Combat | 4 |  4.1
Spellcasting   | 3 |  3.9
Invocations    | 4 |  4.8
Evocations     | 4 |  4.4

Action                   |  1- 3 |  4- 6 |  7- 9 || total
-------------------------+-------+-------+-------++-------
Melee: Quarterstaff      |   112 |   166 |   213 ||   491
Invok: Stomp             |       |       |     1 ||     1
Evoke: Wand              |       |       |     5 ||     5
  Use: Potion            |       |     3 |     8 ||    11
       Scroll            |       |     2 |     5 ||     7
 Stab: Invisible         |       |     1 |       ||     1
       Paralysed         |       |     2 |     2 ||     4
  Eat: Chunk             |       |     1 |     3 ||     4
       Ration            |       |     1 |     3 ||     4
Armor: Scale mail        |    44 |    30 |       ||    74
       Chain mail        |       |    66 |   109 ||   175
Dodge: Dodged            |    37 |    43 |    69 ||   149
Block: Shield            |    61 |   118 |    99 ||   278
